 Dungeon Crawl Stone Soup version 0.28-a0-697-g47f3eba078 (webtiles) character file.

Game seed: 6518065667712099665

133 ytrimaz the Grave Robber (level 4, -1/30 HPs)
             Began as a Mummy Necromancer on Oct 24, 2021.
             Slain by a bullfrog skeleton (2 damage)
             ... on level 4 of the Dungeon.
             The game lasted 00:05:33 (2935 turns).

ytrimaz the Grave Robber (Mummy Necromancer)        Turns: 2935, Time: 00:05:34

Health: -1/30      AC:  2    Str: 11    XL:     4   Next: 94%
Magic:  10/10      EV: 12    Int: 21    God:
Gold:   60         SH:  0    Dex: 12    Spells: 10/11 levels left

rFire   x . .      SeeInvis +   b - +0 dagger (venom)
rCold   + + +      Faith    .   (no shield)
rNeg    + + +      Spirit   .   a - +0 robe
rPois   ∞          Reflect  .   (no helmet)
rElec   .          Harm     .   (no cloak)
rCorr   .          Rampage  .   (no gloves)
Will    .....                   (no boots)
Stlth   +++.......              (no amulet)
HPRegen 0.10/turn               d - ring of wizardry
MPRegen 0.12/turn               c - ring "Tuyhueh" {rC++ Int+6 SInv Stlth+}

@: no status effects
A: cold resistance 1, negative energy resistance 3, torment resistance 2, heat
vulnerability 1, no potions
a: no special abilities


You were on level 4 of the Dungeon.
You visited 1 branch of the dungeon, and saw 4 of its levels.

You collected 60 gold pieces.

Inventory:

Hand Weapons
 b - a +0 dagger of venom (weapon)
Armour
 a - a +0 robe (worn)
Jewellery
 c - the ring "Tuyhueh" (right hand) {rC++ Int+6 SInv Stlth+}
   (You acquired it on level 2 of the Dungeon)

   [ring of intelligence]

   Int:       It affects your intelligence (+6).
   rC:        It greatly protects you from cold.
   SInv:      It lets you see invisible.
   Stlth:     It makes you more stealthy.
 d - a ring of wizardry (left hand)
Scrolls
 e - 2 scrolls of enchant weapon
 f - a scroll of identify


   Skills:
 - Level 1.7 Dodging
 * Level 2.2 Stealth
 + Level 4.4 Spellcasting
 + Level 5.1 Necromancy


You had 10 spell levels left.
You knew the following spells:

 Your Spells              Type           Power      Damage    Failure   Level
a - Pain                  Necr           100%       1d9       1%          1

Your spell library contained the following spells:

 Spells                   Type           Power      Damage    Failure   Level
 Animate Skeleton         Necr           52%        N/A       1%          1
 Vampiric Draining        Necr           13%        2d7       1%          3
 Animate Dead             Necr           13%        N/A       6%          4
 Agony                    Necr           26%        N/A       16%         5


Dungeon Overview and Level Annotations

Branches:
Dungeon (4/15)
 Temple: D:4-7

Altars:

Annotations:
D:4 Grinder


Innate Abilities, Weirdness & Mutations

You are immune to poison.
Your flesh is cold resistant. (rC+)
You are immune to negative energy. (rN+++)
You are immune to unholy pain and torment.
You are vulnerable to heat. (rF-)
You do not drink.


Message History

The bullfrog skeleton is lightly damaged.
The bullfrog skeleton barely misses you.
You hit the bullfrog skeleton.
The bullfrog skeleton is lightly damaged.
The bullfrog skeleton hits you.
You hit the bullfrog skeleton.
The bullfrog skeleton is moderately damaged.
The bullfrog skeleton closely misses you.
The bullfrog skeleton hits you.
You hit the bullfrog skeleton.
The bullfrog skeleton is moderately damaged.
The bullfrog skeleton closely misses you.
You hit the bullfrog skeleton.
The bullfrog skeleton is moderately damaged.
The bullfrog skeleton hits you.
You hit the bullfrog skeleton.
The bullfrog skeleton is moderately damaged.
The bullfrog skeleton hits you.
* * * LOW HITPOINT WARNING * * *
The bullfrog skeleton hits you.
* * * LOW HITPOINT WARNING * * *
Unknown command.
The bullfrog skeleton closely misses you.
The bullfrog skeleton closely misses you.
The bullfrog skeleton hits you but does no damage.
The bullfrog skeleton hits you.
* * * LOW HITPOINT WARNING * * *
You can't drink.
The bullfrog skeleton hits you but does no damage.
The bullfrog skeleton barely misses you.
The bullfrog skeleton hits you but does no damage.
The bullfrog skeleton hits you but does no damage.
The bullfrog skeleton closely misses you.
The bullfrog skeleton barely misses you.
The bullfrog skeleton barely misses you.
The bullfrog skeleton closely misses you.
The bullfrog skeleton hits you.
* * * LOW HITPOINT WARNING * * *
The bullfrog skeleton hits you.
You die...

...$..................
#..##+##.##.###......#
. .......##.# #......#
#.....##.# #......#
#.....##.# #......#
#.....##.###......#
#...............###
#.....##.######.#
##@....#.# #.#
#.Z...#.# #.#
#.....#.# #.#
#.....#.# #.#
#.##.##.# #.#
#.##.##.# #.##.##.#
#.##.##.# #<##.##.#


You could see a bullfrog skeleton.

Vanquished Creatures
  A scorpion (D:4)
  A hound skeleton (D:4)
  2 adders
  3 dart slugs
  7 bats
  3 endoplasms (D:2)
  3 giant cockroaches (D:2)
  4 hobgoblins (D:2)
  A quokka (D:2)
  3 ball pythons
  4 frilled lizards
  5 goblins
  2 kobolds (D:2)
  A rat (D:2)
40 creatures vanquished.

Notes
Turn   | Place    | Note
-------+----------+-------------------------------------------
     0 | D:1      | ytrimaz the Mummy Necromancer began the quest for the Orb.
     0 | D:1      | Reached XP level 1. HP: 13/13 MP: 4/4
   349 | D:1      | Found a faded altar of an unknown god.
   523 | D:1      | Reached XP level 2. HP: 19/19 MP: 3/5
  1534 | D:2      | Reached XP level 3. HP: 19/24 MP: 2/7
  2305 | D:2      | Identified a scroll of acquirement
  2306 | D:2      | Acquired the ring "Tuyhueh" {rC++ Int+6 SInv Stlth+}
  2388 | D:4      | Noticed a scorpion
  2400 | D:4      | Killed a scorpion
  2401 | D:4      | Reached skill level 5 in Necromancy
  2401 | D:4      | Reached XP level 4. HP: 25/30 MP: 5/10
  2547 | D:4      | Noticed Grinder
  2557 | D:4      | Paralysed by Grinder for 3 turns
  2913 | D:4      | HP: 1/30 [bullfrog skeleton (3)]
  2933 | D:4      | HP: 1/30 [bullfrog skeleton (2)]
  2935 | D:4      | Slain by a bullfrog skeleton

Illustrated notes

Levels and vault maps discovered:
D:1:      mrwooster_arrival_statue_2, layout_basic,
          hellmonk_ecumenical_altar_run_dry, minmay_misc_feat_diagonals
D:2:      layout_basic, nrook_loot_triangle, minivault_11
D:3:      layout_basic, nicolae_overflow_crystal_walls,
          mainiacjoe_overflow_surrounded_room
D:4:      layout_basic, minmay_misc_feat_room, uniq_grinder

Skill      XL: |  1  2  3 |
---------------+----------+-----
Spellcasting   | 3 4 |  4.4
Stealth        | 2 |  2.2
Necromancy     | 5 |  5.1
Dodging        | |  1.7

Action                   |  1- 3 |  4- 6 || total
-------------------------+-------+-------++-------
Melee: Dagger            |     3 |    22 ||    25
 Cast: Pain              |    93 |     2 ||    95
  Use: Scroll            |     4 |       ||     4
 Stab: Distracted        |       |     1 ||     1
Armor: Robe              |     5 |     6 ||    11
Dodge: Dodged            |    12 |    17 ||    29

Table legend: (Time is in decaauts)
 A = Elapsed time spent in this place.
 B = Non-inter-level travel time spent in this place.
 C = Inter-level travel time spent in this place.
 D = Time resting spent in this place.
 E = Time spent auto-exploring this place.
 F = Levels seen in this place.
 G = Mean time per level.
                   A        B        C        D        E       F      G
               +--------+--------+--------+--------+--------+-----+--------+
         Total |   2935 |   2850 |     85 |    707 |   1637 |   4 |  733.8 |
       Dungeon |   2935 |   2850 |     85 |    707 |   1637 |   4 |  733.8 |
               +--------+--------+--------+--------+--------+-----+--------+

Top non-repeatable levels by time:
     D:2: 1362 daAuts
     D:1: 819 daAuts
     D:4: 587 daAuts
     D:3: 166 daAuts
